Map: Orbital Shipyard

Players

LiquidMaNa (MaNa)

  • Race: Protoss Protoss
  • League: Master

SortOf - Winner!

  • Race: Zerg Zerg
  • League: Master

Event: DreamHack ZOWIE Open Leipzig

VOD

Have the link to the VOD?

Description

Time

  • Played on: Jan. 22, 2016, 11:12 a.m.
  • Length: 16:54

All games in this series

Show
View Real Time Build Order
Export as new Build Order

LiquidMaNa Protoss 

Build Orders: Nexus First, Oracle Opening 

Get SALT Encoding   

  12  0:00  Probe (Chrono Boost)  
  13  0:11  Probe (Chrono Boost)  
  14  0:20  Pylon  
  14  0:22  Probe (Chrono Boost)  
  15  0:38  Probe (Chrono Boost)  
  16  0:49  Probe (Chrono Boost)  
  17  0:57  Nexus  
  17  1:11  Gateway  
  17  1:12  Probe (Chrono Boost)  
  17  1:18  Assimilator  
  18  1:21  Assimilator  
  18  1:24  Probe (Chrono Boost)  
  19  1:34  Probe (Chrono Boost)  
  20  1:40  Gateway  
  21  1:47  Probe (Chrono Boost)  
  21  1:57  Probe (Chrono Boost)  
  21  2:00  Cybernetics Core  
  22  2:08  Probe (Chrono Boost)  
  23  2:10  Probe (Chrono Boost)  
  24  2:18  Probe (Chrono Boost)  
  24  2:20  Probe (Chrono Boost)  
  26  2:29  Probe (Chrono Boost)  
  27  2:31  Probe (Chrono Boost)  
  27  2:36  Adept x2 (Chrono Boost)  
  32  2:39  Pylon  
  32  2:40  Probe  
  32  2:42  Probe  
  34  2:52  Probe (Chrono Boost)  
  34  2:54  Probe (Chrono Boost)  
  36  3:01  Stalker (Chrono Boost)  
  36  3:04  Mothership Core (Chrono Boost)  
  38  3:06  Stargate  
  38  3:12  Pylon  
  40  3:16  Probe  
  41  3:23  Probe  
  41  3:24  Adept (Chrono Boost)  
  44  3:32  Nexus  
  44  3:35  Probe (Chrono Boost)  
  45  3:41  Probe (Chrono Boost)  
  45  3:46  Probe (Chrono Boost)  
  47  3:49  Oracle (Chrono Boost)  
  47  3:50  Probe  
  47  3:55  Pylon  
  51  3:57  Probe  
  51  3:58  Pylon  
  52  4:06  Probe  
  52  4:09  Probe  
  54  4:16  Probe (Chrono Boost), Assimilator  
  54  4:17  Assimilator  
  54  4:22  Probe (Chrono Boost)  
  54  4:23  Robotics Facility  
  56  4:28  Probe (Chrono Boost)  
  57  4:33  Probe (Chrono Boost)  
  58  4:39  Probe (Chrono Boost), Forge  
  58  4:41  Warp Gate (Chrono Boost)  
  58  4:43  Probe (Chrono Boost)  
  58  4:44  Sentry x2 (Chrono Boost), Probe  
  64  4:50  Probe  
  66  4:53  Pylon  
  66  4:55  Probe x2  
  68  5:02  Probe  
  68  5:05  Probe  
  69  5:07  Probe  
  69  5:11  Warp Prism  
  69  5:14  Probe, Protoss Ground Weapons Level 1  
  73  5:16  Probe  
  73  5:19  Probe  
  76  5:21  Pylon  
  76  5:26  Sentry (Chrono Boost), Probe  
  76  5:27  Phoenix  
  79  5:29  Sentry (Chrono Boost)  
  79  5:33  Pylon  
  79  5:34  Pylon  
  83  5:35  Twilight Council, Probe  
  83  5:37  Probe  
  83  5:38  Probe  
  83  5:40  Assimilator  
  83  5:42  Assimilator  
  86  5:46  Probe  
  86  5:49  Probe, Immortal  
  92  5:58  Probe  
  92  5:59  Probe  
  92  6:01  Probe, Robotics Facility  
  92  6:04  Sentry  
  95  6:05  Adept  
  95  6:09  Gateway  
  95  6:11  Gateway x2  
  99  6:13  Phoenix (Chrono Boost)  
  99  6:16  Pylon  
  101  6:22  Gateway  
  101  6:33  Immortal (Chrono Boost)  
  105  6:42  Zealot  
  105  6:43  Zealot  
  105  6:45  Probe x3  
  112  6:50  Immortal (Chrono Boost)  
  112  6:53  Gateway x2, Charge (Chrono Boost)  
  116  6:56  Gateway  
  116  6:58  Templar Archives  
  116  6:59  Pylon  
  116  7:00  Photon Cannon  
  116  7:01  Photon Cannon  
  116  7:11  Immortal (Chrono Boost)  
  116  7:14  Protoss Ground Weapons Level 2 (Chrono Boost)  
  120  7:25  Zealot x5  
  130  7:30  Robotics Bay  
  130  7:31  Observer (Chrono Boost)  
  129  7:44  Probe x2  
  129  7:46  Observer  
  132  7:52  Pylon  
  132  7:53  Pylon x2  
  132  8:08  Nexus  
  132  8:10  Pylon, High Templar  
  132  8:11  High Templar x3  
  132  8:12  Zealot x2  
  142  8:14  Zealot x2  
  142  8:15  Photon Cannon  
  142  8:18  Archon  
  142  8:19  Archon  
  148  8:23  Disruptor, Pylon  
  148  8:25  Pylon, Photon Cannon  
  148  8:27  Disruptor  
  148  8:32  Observer Gravitic Boosters  
  154  8:45  Oracle  
  154  8:49  Zealot x5  
  154  8:50  Zealot x3  
  169  9:09  Disruptor, Photon Cannon  
  161  9:12  Photon Cannon  
  161  9:14  Disruptor  
  164  9:24  High Templar x2  
  163  9:25  Zealot x7  
  163  9:30  Archon  
  179  9:36  Assimilator  
  179  9:37  Mothership Core  
  179  9:41  Assimilator  
  179  9:45  Photon Cannon x2  
  179  9:58  Pylon  
  179  10:03  Pylon  
  179  10:14  Pylon  
  176  10:15  Pylon  
  176  10:16  Pylon  
  176  10:17  Pylon  
  176  10:19  Observer  
  176  10:26  Fleet Beacon, Stargate  
  180  10:41  Zealot  
  182  10:48  Zealot x5  
  182  10:49  Zealot x3  
  198  10:50  Stargate  
  198  10:55  Probe  
  198  10:56  Probe  
  198  10:57  Probe  
  180  11:05  Photon Cannon  
  180  11:06  Photon Cannon  
  180  11:07  Forge, Photon Cannon  
  178  11:11  Forge  
  177  11:24  Zealot  
  177  11:25  Zealot x8  
  187  11:32  Protoss Ground Weapons Level 3 (Chrono Boost)  
  166  11:42  Photon Cannon  
  166  11:44  Photon Cannon  
  166  11:46  High Templar x2  
  166  11:47  High Templar x7  
  168  11:50  Robotics Facility  
  168  11:51  Archon  
  168  11:52  Archon x3  
  172  12:20  Pylon  
  172  12:24  Pylon  
  172  12:28  Tempest x2, Anion Pulse-Crystals  
  180  12:31  High Templar x2  
  180  12:33  Zealot  
  180  12:35  Archon  
  180  12:36  Zealot  
  184  12:41  Zealot  
  171  12:53  Probe  
  171  12:54  Probe  
  162  13:06  Probe  
  159  13:20  Tempest x2  
  159  13:23  Probe  
  159  13:24  Pylon  
  168  13:27  Zealot x5  
  178  13:44  High Templar x2  
  178  13:45  Zealot x2  
  186  13:49  Archon  
  186  13:58  Zealot x2  
  180  14:04  Zealot  
  180  14:05  Zealot  
  167  14:16  Probe  
  165  14:17  Probe  
  163  14:29  Probe, Tempest  
  168  14:31  Nexus  
  168  14:35  Pylon  
  167  14:44  Pylon  
  166  14:46  Pylon  
  166  14:48  Pylon  
  166  14:53  Zealot x2  
  166  14:54  Zealot  
  166  14:59  Zealot  
  174  15:00  Zealot  
  158  15:19  Zealot x3  
  158  15:20  Zealot x2  
  164  15:26  High Templar x4  
  172  15:32  Archon  
  172  15:33  Archon  
  159  15:42  Tempest  
  142  16:17  High Templar x4  
  142  16:18  High Templar x4  
  135  16:23  Archon x3  
  135  16:25  Archon  
Show
View Real Time Build Order
Export as new Build Order

SortOf Zerg - Winner!

Build Orders: 3 Hatch before Pool, Lurkers 

Get SALT Encoding   

  12  0:00  Drone  
  13  0:12  Overlord  
  13  0:17  Drone  
  14  0:31  Drone x2  
  14  0:35  Drone  
  17  0:45  Drone  
  18  0:56  Hatchery  
  17  0:59  Drone  
  18  1:08  Drone  
  19  1:20  Drone  
  20  1:25  Hatchery  
  20  1:30  Drone  
  20  1:35  Extractor  
  19  1:41  Drone  
  19  1:46  Spawning Pool  
  19  1:51  Drone  
  20  2:00  Drone  
  21  2:08  Drone  
  22  2:13  Drone  
  23  2:20  Drone  
  24  2:26  Drone  
  25  2:31  Drone  
  25  2:34  Overlord  
  26  2:38  Queen x2  
  26  2:39  Zergling x2  
  26  2:40  Metabolic Boost  
  31  2:45  Drone  
  31  2:48  Drone  
  33  2:51  Zergling x2  
  33  2:52  Zergling x2  
  33  2:54  Zergling x2  
  36  2:59  Queen, Zergling x2  
  36  3:05  Overlord  
  39  3:10  Drone x2  
  41  3:14  Drone  
  42  3:23  Drone, Queen x2  
  47  3:27  Overlord  
  47  3:31  Drone  
  48  3:35  Drone  
  48  3:37  Overlord  
  49  3:41  Drone  
  49  3:48  Drone x2  
  52  3:50  Drone x2  
  52  3:54  Drone x2  
  52  3:55  Overlord  
  56  3:56  Drone x3  
  56  3:57  Drone  
  56  4:01  Evolution Chamber, Extractor  
  58  4:05  Overlord  
  58  4:07  Overlord  
  58  4:09  Drone  
  59  4:15  Drone x2  
  59  4:17  Lair  
  61  4:18  Drone  
  62  4:26  Drone x3  
  62  4:27  Drone x2  
  62  4:29  Drone  
  62  4:30  Spore Crawler  
  67  4:32  Drone x3  
  67  4:33  Extractor  
  67  4:35  Drone  
  67  4:36  Extractor  
  69  4:40  Overlord  
  69  4:42  Overlord  
  69  4:45  Drone x3  
  72  4:46  Drone  
  72  4:51  Zerg Ground Armor Level 1  
  73  4:54  Drone x2, Extractor  
  73  4:55  Drone x2  
  76  5:02  Spore Crawler  
  76  5:03  Spore Crawler x2, Drone x3  
  76  5:04  Drone  
  76  5:05  Drone  
  73  5:08  Drone x2  
  73  5:10  Drone  
  75  5:19  Overseer  
  75  5:20  Hydralisk Den  
  74  5:24  Drone x2  
  74  5:25  Extractor  
  74  5:27  Drone x2  
  77  5:29  Drone x2  
  79  5:38  Drone  
  79  5:39  Spire  
  79  5:46  Drone x4  
  79  5:49  Overlord  
  83  5:51  Overlord x2  
  83  5:52  Overlord  
  83  5:54  Overlord  
  83  5:55  Evolution Chamber  
  83  5:57  Overlord  
  83  6:02  Lurker Den  
  83  6:05  Hydralisk x3  
  89  6:11  Hydralisk x2  
  89  6:12  Hydralisk  
  89  6:15  Hatchery  
  89  6:18  Overlord  
  94  6:21  Hydralisk x3  
  94  6:25  Zerg Melee Weapons Level 1  
  100  6:28  Hydralisk  
  100  6:29  Hydralisk x2  
  106  6:33  Overlord  
  106  6:40  Overseer  
  106  6:41  Drone x6  
  106  6:45  Hydralisk x2  
  116  6:47  Zerg Ground Armor Level 2  
  116  6:53  Spore Crawler  
  115  6:54  Hydralisk  
  115  6:55  Hydralisk  
  115  6:56  Drone  
  115  7:00  Drone x2  
  115  7:01  Drone  
  123  7:02  Drone  
  124  7:10  Drone x2, Infestation Pit  
  124  7:11  Hydralisk  
  124  7:12  Hydralisk x2  
  131  7:21  Drone x3  
  132  7:23  Extractor  
  132  7:25  Zergling x2  
  132  7:26  Extractor  
  131  7:30  Spore Crawler  
  131  7:31  Lurker x4  
  131  7:32  Spore Crawler  
  131  7:33  Zergling x18  
  142  7:37  Zergling x8  
  146  7:47  Hive  
  146  7:49  Drone  
  146  7:50  Drone x2  
  149  7:52  Muscular Augments  
  149  7:53  Zergling x2  
  149  7:54  Zergling x2  
  149  7:56  Overlord  
  151  8:00  Drone x4  
  151  8:02  Lurker  
  151  8:03  Lurker  
  154  8:06  Drone  
  154  8:07  Drone  
  154  8:08  Spine Crawler  
  157  8:12  Lurker  
  157  8:13  Lurker  
  157  8:17  Spore Crawler, Spine Crawler, Zergling x4  
  157  8:25  Lurker x3  
  157  8:26  Overlord x2  
  157  8:27  Hatchery, Spore Crawler  
  158  8:30  Zergling x8  
  161  8:37  Hydralisk x3  
  166  8:49  Zergling x26  
  173  9:03  Spine Crawler, Zergling x2  
  173  9:04  Viper x2  
  173  9:05  Adrenal Glands  
  176  9:16  Zergling x10  
  176  9:17  Zergling x10  
  184  9:19  Zerg Melee Weapons Level 2  
  184  9:21  Ultralisk Cavern  
  181  9:25  Spine Crawler x2  
  181  9:28  Zergling x14  
  179  9:31  Zergling x2  
  180  9:40  Hatchery  
  180  9:41  Zerg Ground Armor Level 3  
  180  9:43  Drone x2  
  180  9:44  Spire  
  180  9:45  Drone x2  
  182  9:53  Pneumatized Carapace  
  182  9:54  Nydus Network  
  182  9:55  Overseer  
  182  9:56  Overlord  
  181  10:01  Drone x2  
  180  10:07  Zergling x2  
  180  10:08  Zergling x8  
  180  10:12  Chitinous Plating  
  182  10:27  Overlord x2  
  182  10:30  Spore Crawler  
  182  10:35  Spore Crawler, Overlord x2  
  174  10:55  Ultralisk x5  
  197  11:00  Greater Spire  
  197  11:01  Zergling x4  
  197  11:02  Zergling x4  
  198  11:08  Zergling x10  
  189  11:18  Zergling x2  
  189  11:19  Zergling x20  
  189  11:24  Zergling x2  
  199  11:38  Overlord  
  199  11:39  Overlord  
  193  11:40  Overseer x3  
  193  11:47  Zerg Melee Weapons Level 3  
  193  11:49  Overseer  
  193  11:53  Nydus Canal  
  191  11:55  Mutalisk x3  
  191  11:56  Zergling x4  
  191  11:57  Zergling x4  
  191  11:59  Overseer  
  191  12:01  Extractor x2  
  197  12:13  Zergling x6  
  200  12:23  Nydus Canal  
  199  12:33  Zerg Flyer Weapons Level 1  
  199  12:34  Zerg Missile Weapons Level 1  
  199  12:44  Zergling x2  
  198  12:52  Spore Crawler  
  198  12:54  Spine Crawler  
  196  13:02  Corruptor x4  
  199  13:10  Corruptor  
  194  13:35  Hatchery  
  193  13:41  Nydus Canal  
  193  13:44  Corruptor x3  
  199  13:58  Nydus Canal  
  194  14:03  Corruptor x3  
  194  14:06  Overlord  
  194  14:07  Overlord  
  193  14:11  Brood Lord x3  
  193  14:12  Brood Lord  
  195  14:17  Nydus Canal  
  181  14:26  Zergling x22  
  181  14:28  Corruptor, Brood Lord x4  
  197  15:14  Corruptor x6  
  191  15:17  Extractor  
  191  15:20  Extractor  
  198  15:26  Corruptor  
  190  15:47  Zergling x16  
  194  16:00  Zergling x2  
  180  16:20  Hydralisk x4  
  180  16:24  Spore Crawler, Spine Crawler  
  172  16:26  Nydus Canal, Hydralisk x6  
  172  16:27  Hydralisk x6  
  172  16:29  Zergling x12  
  198  16:35  Zergling x4  

Tags
 
Add a new tag
Caveats
  • Supply blocks, unpowered buildings, or Contaminate may cause inaccurate times.
  • Supply counts are checked every 10 seconds.